 Dungeon Crawl Stone Soup version 0.30.0-29-ga12c61a403 (webtiles) character file.

Game seed: 12657351290612311567

48318 qw the Severer (level 14, 0/90 (91) HPs)
             Began as a Gargoyle Fighter on June 5, 2023.
             Was a High Priest of Okawaru.
             Slain by Psyche
             ... wielding a +0 dagger of chaos
              (4 damage)
             ... on level 11 of the Dungeon.
             The game lasted 00:09:12 (17335 turns).

qw the Severer (Gargoyle Fighter)                  Turns: 17335, Time: 00:09:13

HP:   0/90 (91)     AC:  0    Str: 25    XL:     14   Next: 45%
MP:   18/21         EV: 17    Int:  9    God:    Okawaru [*****.]
Gold: 1126          SH:  0    Dex:  9    Spells: 13/13 levels left

rFire   . . .        Y - melded +5 broad axe (freeze)
rCold   . . .        c - melded +0 buckler
rNeg    + . .        x - melded +5 plate armour "Ferruk" {rC+ Slay+3 Stlth+}
rPois   inf          w - melded +0 helmet
rElec   .            e - melded +1 cloak "Vyfoily" {rElec rN+}
rCorr   .            p - melded +0 pair of gloves
SInv    .            o - melded +3 pair of seven-league boots {Rampage+∞}
Will    +....        i - amulet of faith
Stlth   +++          t - melded +6 ring of dexterity
HPRegen 0.35/turn    z - melded ring of positive energy
MPRegen 0.17/turn

%: faith
@: about to teleport, pig-form, heroic, lightly drained, very quick
A: fast, no casting, sickness immunity, AC +10, small, (big wings), negative
energy resistance 1, (electricity resistance), torment resistance 1,
petrification resistance
a: Renounce Religion, Heroism, Finesse, Duel


You were on level 11 of the Dungeon.
You worshipped Okawaru.
Okawaru was extremely pleased with you.
You were a filthy swine.
You visited 3 branches of the dungeon, and saw 17 of its levels.

You collected 1126 gold pieces.


Innate Abilities, Weirdness & Mutations

You are a filthy swine.
You move quickly.
Your equipment is almost entirely melded.
You are incapable of wielding weapons or throwing items.
You cannot cast spells.
You are immune to sickness and miasma.
((Your stone body is resilient. (AC +10)))
You are immune to poison.
((Your large and strong wings let you fly.))
You resist negative energy. (rN+)
((You are resistant to electric shocks. (rElec)))
You are resistant to unholy torment.
You are immune to petrification.


   Skills:
 + Level 11.9(16.9) Fighting
 - Level 15.0(20.0) Axes
 - Level 4.4(9.4) Throwing
 - Level 11.0(16.0) Armour
 - Level 4.0(9.0) Dodging
 - Level 7.0(12.0) Shields
 - Level 10.0 Invocations


You had 13 spell levels left.
You didn't know any spells.
Your spell library was empty.

Inventory:

Hand Weapons
 f - the +10 broad axe of Insomnia {freeze, Fragile Int+7}
   (Okawaru gifted it to you on level 9 of the Dungeon)

   Int:       It affects your intelligence (+7).
   Fragile:   It will be destroyed if unequipped.
 k - a +0 flail
 Y - a +5 broad axe of freezing (melded)
Armour
 c - a +0 buckler (melded)
 e - the +1 cloak "Vyfoily" (melded) {rElec rN+}
   (Okawaru gifted it to you on level 5 of the Lair of Beasts)

   rElec:     It insulates you from electricity.
   rN:        It protects you from negative energy.
 o - the +3 pair of seven-league boots (melded) {Rampage+∞}
   (You acquired it on level 5 of the Dungeon)

   Rampage+∞: When moving toward enemies, its wearer moves as far as possible,
   alerting their target en route.
 p - a +0 pair of gloves (melded)
 w - a +0 helmet (melded)
 x - the +5 plate armour "Ferruk" (melded) {rC+ Slay+3 Stlth+}
   (Okawaru gifted it to you on level 2 of the Lair of Beasts)

   Slay:      It affects your accuracy & damage with ranged weapons and melee
   (+3).
   rC:        It protects you from cold.
   Stlth:     It makes you more stealthy.
Jewellery
 i - an amulet of faith (around neck)
 l - a ring of fire
 m - a ring of ice
 t - a +6 ring of dexterity (melded)
 v - a ring of ice
 y - an amulet of regeneration
 z - a ring of positive energy (melded)
Wands
 n - a wand of digging (4)
Scrolls
 a - 12 scrolls of identify
 s - 4 scrolls of teleportation
Potions
 d - 3 potions of might
 g - 2 potions of mutation
 h - 7 potions of curing
 j - 2 potions of attraction
 q - 2 potions of lignification
 r - 3 potions of haste
 u - 2 potions of heal wounds

Dungeon Overview and Level Annotations

Branches:
Dungeon (11/15)            Temple (1/1) D:4            Lair (5/5) D:9
  Swamp (0/4) Lair:3        Snake (0/4) Lair:3        Slime (0/5) Lair:4
    Orc (0/2) D:10

Altars:
Ashenzari
Cheibriados
Dithmenos
Elyvilon
Fedhas
Gozag
Hepliaklqana
Kikubaaqudgha
Makhleb
Nemelex Xobeh
Okawaru
Qazlal
Ru
Sif Muna
Trog
Uskayaw
Vehumet
Wu Jian
Xom
Yredelemnul
Zin
The Shining One
Jiyva

Annotations:
D:8 2 transporters
D:11 Psyche
Lair:4 1 runed translucent door


Message History

You slash the yaktaur! You freeze the yaktaur. You slash something!
You freeze something.
The yaktaur hits you but does no damage.
You hear some strange, mumbled words.
You turn into a filthy swine.
Your +5 broad axe of freezing melds into your body.
The +1 cloak "Vyfoily" {rElec rN+} melds into your body.
Your +0 helmet melds into your body.
Your +0 pair of gloves melds into your body.
The +3 pair of seven-league boots {Rampage+∞} melds into your body.
Your +0 buckler melds into your body.
The +5 plate armour "Ferruk" {rC+ Slay+3 Stlth+} melds into your body.
Your +6 ring of dexterity melds into your body.
Your ring of positive energy melds into your body.
Your +5 broad axe of freezing stops glowing.
You no longer feel ready to stride towards your foes.
You feel clumsy.
You bite the yaktaur!
The yaktaur is severely wounded.
The yaktaur barely misses you.
You hit the yaktaur.
The yaktaur is severely wounded.
You hear some strange, mumbled words.
A swirling arc of seething chaos appears!
An arc of chaos appears from out of thin air!
The arc of chaos hits you. You partially resist.
You feel drained.
You hit the yaktaur.
The yaktaur is severely wounded.
Something hits you. The yaktaur hits you!
You hit the yaktaur but do no damage.
The yaktaur is severely wounded.
Something hits you.
You feel your power leaking away. The yaktaur hits you!
17335 ||| READING 5 scrolls of teleportation.
As you read the scroll of teleportation, it crumbles to dust.
You feel strangely unstable.
You hear some strange, mumbled words.
The yaktaur hits you! Something hits you.
You die...

#.......#
#.......#
#+#.......#
..........#
...........#
...........#
......)c{.#
.......h).#
###.......#
#.......#
#.......#
#.......#
#.......#
+.......#
#.......#
#.......#


You could see a yaktaur.

Vanquished Creatures
  A fire dragon (Lair:3)
  Harold (Lair:1)
  A hydra (Lair:5)
  Erolcha (D:9)
  4 skysharks
  3 bog bodies (Lair:3)
  Pikel (D:4)
  A lindwurm (Lair:4)
  11 elephants
  24 cane toads
  5 rime drakes
  13 komodo dragons
  2 yaktaurs (D:11)
  Prince Ribbit (D:5)
  2 polar bears
  A hornet (D:9)
  2 tyrant leeches (Lair:5)
  18 blink frogs
  5 dream sheep (Lair:5)
  8 wyverns
  56 yaks
  A steam dragon (D:6)
  3 basilisks
  6 humans (D:7)
  5 vampire mosquitoes (Lair:5)
  Menkaure (D:5)
  3 swamp worms (Lair:3)
  10 water moccasins
  3 acid dragons
  Duvessa (D:4)
  4 orc warriors
  2 ice beasts (D:5)
  2 black bears
  2 sky beasts
  8 wolves
  3 centaurs
  4 ogres
  3 lemures (D:4)
  2 phantoms
  4 kobold brigands
  15 bullfrogs
  5 scorpions
  2 gnoll sergeants
  10 wights
  Dowan (D:4)
  16 killer bees
  5 electric eels
  6 howler monkeys (D:7)
  2 lava snakes (Lair:3)
  6 hounds
  2 jellies (D:5)
  9 orc priests
  7 orc wizards
  Jessica (D:3)
  21 iguanas
  Ijyb (D:5)
  8 gnolls
  9 adders
  A white imp (D:7)
  3 ufetubi (D:5)
  5 dart slugs
  31 orcs
  7 endoplasms
  3 giant cockroaches
  3 goblins
  4 hobgoblins
  2 jackals (D:3)
  2 quokkas
  7 ball pythons
  5 bats
  18 frilled lizards
  A goblin zombie (D:5)
  22 kobolds
  5 rats
  A rat zombie (D:5)
474 creatures vanquished.

Notes
Turn   | Place    | Note
-------+----------+-------------------------------------------
     0 | D:1      | qw the Gargoyle Fighter began the quest for the Orb.
     0 | D:1      | Reached XP level 1. HP: 14/14 MP: 1/1
     0 | D:1      | 0 ||| qw: Version: 0.2-a-108-gee2c290
     0 | D:1      | 0 ||| qw: Game counter: 1428
     0 | D:1      | 0 ||| qw: Always use a shield: true
     0 | D:1      | 0 ||| qw: God list: Okawaru
     0 | D:1      | 0 ||| qw: Allow faded altars: false
     0 | D:1      | 0 ||| qw: Do Orc after D:15 true
     0 | D:1      | 0 ||| qw: Do second Lair branch before Depths: true
     0 | D:1      | 0 ||| qw: Lair rune preference: random
     0 | D:1      | 0 ||| qw: Plans: Normal, Zot:1-4, Slime:5, God:TSO, Crypt,
                  | Tomb, Abyss, Pan, Hells, Win
     0 | D:1      | 0 ||| PLANNING D:1-11
    79 | D:1      | 79 ||| FLEEEEING.
    82 | D:1      | 82 ||| Stepping ~*~*~tactically~*~*~ (stealth).
    99 | D:1      | Reached skill level 2 in Axes
   100 | D:1      | 100 ||| FLEEEEING.
   101 | D:1      | 101 ||| FLEEEEING.
   102 | D:1      | 102 ||| FLEEEEING.
   103 | D:1      | 103 ||| FLEEEEING.
   104 | D:1      | 104 ||| FLEEEEING.
   179 | D:1      | Reached XP level 2. HP: 19/19 MP: 2/2
   620 | D:1      | Reached skill level 3 in Axes
   971 | D:1      | 971 ||| UPGRADING to +0 plate armour.
   981 | D:1      | 981 ||| DROPPING +0 scale mail.
   982 | D:1      | 982 ||| DROPPING +6 ring of intelligence.
   983 | D:1      | 983 ||| READING scroll labelled EFFUUW VATEOS.
   984 | D:1      | 984 ||| READING scroll labelled PEAMACH IXOTO.
   985 | D:1      | 985 ||| READING scroll labelled MOWEPE DOXTASUL.
   989 | D:1      | 989 ||| READING scroll labelled KOSCHU WOASKUFIAH.
  1020 | D:2      | Reached XP level 3. HP: 20/23 MP: 3/3
  1134 | D:2      | 1134 ||| READING scroll of enchant weapon.
  1134 | D:2      | 1134 ||| ENCHANTING +1 war axe.
  1240 | D:2      | 1240 ||| Stepping ~*~*~tactically~*~*~ (hiding).
  1411 | D:2      | 1411 ||| READING scroll labelled BOYNOPTALEH.
  1412 | D:2      | 1412 ||| READING scroll labelled ZAM NOPOQUE.
  1413 | D:2      | 1413 ||| READING scroll labelled UREMACV JIQA.
  1414 | D:2      | 1414 ||| DRINKING 2 dark potions.
  1415 | D:2      | 1415 ||| DRINKING 2 puce potions.
  1416 | D:2      | 1416 ||| DRINKING 2 glowing clear potions.
  1534 | D:3      | Reached skill level 4 in Axes
  1534 | D:3      | Reached XP level 4. HP: 27/28 MP: 4/4
  1560 | D:3      | 1560 ||| Stepping ~*~*~tactically~*~*~ (stealth).
  1776 | D:3      | Identified the +5 ring mail of Weirdness {Dex+3}
  1780 | D:3      | 1780 ||| Stepping ~*~*~tactically~*~*~ (stealth).
  1816 | D:3      | 1816 ||| Stepping ~*~*~tactically~*~*~ (hiding).
  1817 | D:3      | 1817 ||| Stepping ~*~*~tactically~*~*~ (hiding).
  1979 | D:3      | 1979 ||| DROPPING +0 whip.
  2033 | D:3      | 2033 ||| Stepping ~*~*~tactically~*~*~ (hiding).
  2255 | D:3      | Reached XP level 5. HP: 30/32 MP: 5/5
  2393 | D:3      | Noticed Jessica
  2400 | D:3      | Killed Jessica
  2530 | D:3      | 2530 ||| UPGRADING to amulet of faith.
  2535 | D:3      | 2535 ||| READING 2 scrolls labelled ZACHAF CEOMP.
  2536 | D:3      | 2536 ||| READING 2 scrolls of identify.
  2536 | D:3      | 2536 ||| IDENTIFYING coppery potion
  2537 | D:3      | 2537 ||| DROPPING scroll of noise.
  2560 | D:4      | Noticed Dowan
  2562 | D:4      | Noticed Duvessa
  2568 | D:4      | HP: 6/32 [Dowan/+2 dagger of freezing (8)]
  2569 | D:4      | 2569 ||| DRINKING 2 potions of heal wounds.
  2575 | D:4      | Killed Duvessa
  2576 | D:4      | Reached skill level 5 in Axes
  2576 | D:4      | Reached XP level 6. HP: 20/37 MP: 6/6
  2577 | D:4      | Killed Dowan
  2664 | D:4      | Found a staircase to the Ecumenical Temple.
  2665 | D:4      | 2665 ||| PLANNING TEMPLE
  2730 | Temple   | Entered the Ecumenical Temple
  2738 | Temple   | 2738 ||| PLANNING OKAWARU WORSHIP
  2837 | Temple   | Became a worshipper of Warmaster Okawaru
  2837 | Temple   | 2837 ||| PLANNING D:1-11
  2911 | D:4      | 2911 ||| Stepping ~*~*~tactically~*~*~ (stealth).
  2913 | D:4      | 2913 ||| Stepping ~*~*~tactically~*~*~ (stealth).
  2922 | D:4      | Reached skill level 6 in Axes
  3014 | D:4      | Noticed Pikel
  3029 | D:4      | HP: 9/38 [lemure[Pikel] (5)]
  3030 | D:4      | 3030 ||| DRINKING 3 potions of heal wounds.
  3043 | D:4      | Reached XP level 7. HP: 28/43 MP: 7/7
  3043 | D:4      | 3043 ||| FLEEEEING.
  3044 | D:4      | 3044 ||| FLEEEEING.
  3045 | D:4      | 3045 ||| FLEEEEING.
  3046 | D:4      | 3046 ||| FLEEEEING.
  3047 | D:4      | 3047 ||| FLEEEEING.
  3115 | D:4      | 3115 ||| Stepping ~*~*~tactically~*~*~ (stealth).
  3118 | D:4      | 3118 ||| Stepping ~*~*~tactically~*~*~ (stealth).
  3120 | D:4      | 3120 ||| Stepping ~*~*~tactically~*~*~ (stealth).
  3132 | D:4      | HP: 10/43 [Pikel/+2 whip of freezing (1)]
  3133 | D:4      | 3133 ||| DRINKING 2 potions of heal wounds.
  3139 | D:4      | Killed Pikel
  3139 | D:4      | Reached * piety under Okawaru
  3139 | D:4      | Reached ** piety under Okawaru
  3140 | D:4      | Reached skill level 8 in Axes
  3140 | D:4      | Reached XP level 8. HP: 24/48 MP: 8/8
  3140 | D:4      | 3140 ||| INVOKING Heroism.
  3141 | D:4      | 3141 ||| INVOKING Heroism.
  3160 | D:4      | 3160 ||| Stepping ~*~*~tactically~*~*~ (stealth).
  3273 | D:4      | Found a shimmering blue altar of Sif Muna.
  3297 | D:4      | 3297 ||| Stepping ~*~*~tactically~*~*~ (stealth).
  3304 | D:4      | Reached skill level 1 in Invocations
  3377 | D:4      | Found a basalt altar of Yredelemnul.
  3685 | D:4      | 3685 ||| READING scroll labelled GENYIR KYECLER.
  3686 | D:4      | 3686 ||| READING scroll labelled BYL RILUSTURI.
  3687 | D:4      | 3687 ||| READING 3 scrolls of identify.
  3687 | D:4      | 3687 ||| IDENTIFYING sedimented black potion
  3688 | D:4      | 3688 ||| READING 2 scrolls of identify.
  3688 | D:4      | 3688 ||| IDENTIFYING bubbling orange potion
  3689 | D:4      | 3689 ||| DROPPING potion of brilliance.
  3705 | D:5      | Entered Level 5 of the Dungeon
  3706 | D:5      | 3706 ||| PLANNING OSSUARY
  3781 | D:5      | 3781 ||| INVOKING Heroism.
  3826 | D:5      | Noticed Ijyb
  3827 | D:5      | 3827 ||| INVOKING Heroism.
  3842 | D:5      | Killed Ijyb
  3869 | D:5      | 3869 ||| Stepping ~*~*~tactically~*~*~ (hiding).
  3893 | D:5      | 3893 ||| Stepping ~*~*~tactically~*~*~ (stealth).
  3895 | D:5      | 3895 ||| Stepping ~*~*~tactically~*~*~ (hiding).
  3961 | D:5      | 3961 ||| Stepping ~*~*~tactically~*~*~ (hiding).
  3971 | D:5      | 3971 ||| INVOKING Heroism.
  3972 | D:5      | 3972 ||| DRINKING 2 potions of curing.
  3972 | D:5      | 3972 ||| (to cure confusion)
  4068 | D:5      | Noticed Prince Ribbit
  4069 | D:5      | 4069 ||| INVOKING Heroism.
  4071 | D:5      | Noticed Menkaure
  4078 | D:5      | Reached skill level 1 in Dodging
  4078 | D:5      | Reached skill level 3 in Invocations
  4082 | D:5      | Killed Menkaure
  4083 | D:5      | Killed Prince Ribbit
  4220 | D:5      | 4220 ||| Stepping ~*~*~tactically~*~*~ (hiding).
  4252 | D:5      | 4252 ||| Stepping ~*~*~tactically~*~*~ (stealth).
  4253 | D:5      | 4253 ||| Stepping ~*~*~tactically~*~*~ (stealth).
  4254 | D:5      | 4254 ||| Stepping ~*~*~tactically~*~*~ (stealth).
  4281 | D:5      | 4281 ||| Stepping ~*~*~tactically~*~*~ (stealth).
  4307 | D:5      | Reached *** piety under Okawaru
  4308 | D:5      | Reached skill level 1 in Throwing
  4315 | D:5      | 4315 ||| INVOKING Heroism.
  4319 | D:5      | Reached XP level 9. HP: 54/54 MP: 9/12
  4325 | D:5      | Reached skill level 6 in Fighting
  4359 | D:5      | 4359 ||| INVOKING Heroism.
  4459 | D:5      | 4459 ||| RIP OSSUARY
  4472 | D:5      | 4472 ||| PLANNING D:1-11
  4530 | D:5      | 4530 ||| INVOKING Heroism.
  4796 | D:5      | 4796 ||| INVOKING Heroism.
  5051 | D:5      | 5051 ||| INVOKING Heroism.
  5055 | D:5      | Reached skill level 9 in Axes
  5097 | D:5      | Found a sparkling altar of Nemelex Xobeh.
  5215 | D:5      | 5215 ||| READING scroll labelled UFIUBY OCKARIE.
  5252 | D:5      | 5252 ||| READING scroll labelled YCOETR ZARGHASO.
  5252 | D:5      | Identified a scroll of acquirement
  5252 | D:5      | 5252 ||| ACQUIRING +3 pair of seven-league boots
                  | {Rampage+∞}
  5252 | D:5      | Acquired the +3 pair of seven-league boots {Rampage+∞}
  5252 | D:5      | Found the +3 pair of seven-league boots {Rampage+∞}
  5254 | D:5      | 5254 ||| UPGRADING to +3 pair of seven-league boots
                  | {Rampage+∞}.
  5259 | D:5      | 5259 ||| READING 4 scrolls of identify.
  5259 | D:5      | 5259 ||| IDENTIFYING brown potion
  5260 | D:5      | 5260 ||| READING 3 scrolls of identify.
  5260 | D:5      | 5260 ||| IDENTIFYING red potion
  5261 | D:5      | 5261 ||| DROPPING potion of flight.
  5481 | D:6      | 5481 ||| INVOKING Heroism.
  5750 | D:6      | 5750 ||| SWAPPING to +5 war axe.
  5751 | D:6      | 5751 ||| DROPPING +2 war axe.
  5754 | D:6      | 5754 ||| Stepping ~*~*~tactically~*~*~ (stealth).
  5755 | D:6      | 5755 ||| Stepping ~*~*~tactically~*~*~ (stealth).
  5762 | D:6      | 5762 ||| Stepping ~*~*~tactically~*~*~ (stealth).
  5821 | D:6      | Reached **** piety under Okawaru
  5828 | D:6      | Reached skill level 6 in Armour
  5863 | D:6      | 5863 ||| Stepping ~*~*~tactically~*~*~ (hiding).
  5941 | D:6      | Reached XP level 10. HP: 63/63 MP: 13/13
  6049 | D:6      | 6049 ||| INVOKING Heroism.
  6181 | D:6      | Identified the +6 trident "Pedurefu" {pain, rElec Int+3
                  | Dex+3}
  6226 | D:6      | 6226 ||| Stepping ~*~*~tactically~*~*~ (hiding).
  6228 | D:6      | 6228 ||| Stepping ~*~*~tactically~*~*~ (hiding).
  6427 | D:6      | 6427 ||| READING 4 scrolls of identify.
  6427 | D:6      | 6427 ||| IDENTIFYING ruby potion
  6428 | D:6      | 6428 ||| DROPPING potion of degeneration.
  6541 | D:7      | Reached skill level 6 in Invocations
  6702 | D:7      | 6702 ||| Stepping ~*~*~tactically~*~*~ (hiding).
  6714 | D:7      | 6714 ||| Stepping ~*~*~tactically~*~*~ (hiding).
  6721 | D:7      | 6721 ||| INVOKING Heroism.
  6733 | D:7      | Reached ***** piety under Okawaru
  6739 | D:7      | Reached skill level 10 in Axes
  6746 | D:7      | 6746 ||| Stepping ~*~*~tactically~*~*~ (hiding).
  6749 | D:7      | HP: 14/63 [centaur/+0 dagger (5)]
  6750 | D:7      | 6750 ||| READING scroll of teleportation.
  6751 | D:7      | 6751 ||| DRINKING potion of heal wounds.
  6796 | D:7      | 6796 ||| Stepping ~*~*~tactically~*~*~ (stealth).
  6799 | D:7      | 6799 ||| Stepping ~*~*~tactically~*~*~ (stealth).
  6800 | D:7      | 6800 ||| Stepping ~*~*~tactically~*~*~ (stealth).
  6802 | D:7      | 6802 ||| Stepping ~*~*~tactically~*~*~ (stealth).
  6803 | D:7      | 6803 ||| Stepping ~*~*~tactically~*~*~ (stealth).
  6842 | D:7      | 6842 ||| Stepping ~*~*~tactically~*~*~ (stealth).
  6843 | D:7      | 6843 ||| Stepping ~*~*~tactically~*~*~ (stealth).
  6844 | D:7      | 6844 ||| Stepping ~*~*~tactically~*~*~ (stealth).
  6845 | D:7      | 6845 ||| Stepping ~*~*~tactically~*~*~ (stealth).
  6846 | D:7      | 6846 ||| Stepping ~*~*~tactically~*~*~ (stealth).
  6847 | D:7      | 6847 ||| Stepping ~*~*~tactically~*~*~ (stealth).
  6864 | D:7      | 6864 ||| Stepping ~*~*~tactically~*~*~ (hiding).
  7213 | D:7      | 7213 ||| Stepping ~*~*~tactically~*~*~ (stealth).
  7400 | D:7      | 7400 ||| Stepping ~*~*~tactically~*~*~ (stealth).
  7405 | D:7      | 7405 ||| Stepping ~*~*~tactically~*~*~ (hiding).
  7408 | D:7      | 7408 ||| Stepping ~*~*~tactically~*~*~ (hiding).
  7421 | D:7      | 7421 ||| Stepping ~*~*~tactically~*~*~ (stealth).
  7425 | D:7      | 7425 ||| Stepping ~*~*~tactically~*~*~ (stealth).
  7441 | D:7      | 7441 ||| Stepping ~*~*~tactically~*~*~ (stealth).
  7447 | D:7      | Found a hide-covered altar of Uskayaw.
  7557 | D:7      | 7557 ||| READING scroll labelled JASIUL PAPN.
  7667 | D:8      | Found a transporter.
  7710 | D:8      | 7710 ||| Stepping ~*~*~tactically~*~*~ (stealth).
  7779 | D:8      | Found a glowing silver altar of Zin.
  7796 | D:8      | 7796 ||| Stepping ~*~*~tactically~*~*~ (hiding).
  7797 | D:8      | 7797 ||| Stepping ~*~*~tactically~*~*~ (hiding).
  7800 | D:8      | Found a transporter.
  7892 | D:8      | 7892 ||| Stepping ~*~*~tactically~*~*~ (stealth).
  7895 | D:8      | 7895 ||| Stepping ~*~*~tactically~*~*~ (stealth).
  7897 | D:8      | 7897 ||| Stepping ~*~*~tactically~*~*~ (stealth).
  7899 | D:8      | 7899 ||| Stepping ~*~*~tactically~*~*~ (stealth).
  7902 | D:8      | 7902 ||| FLEEEEING.
  7903 | D:8      | 7903 ||| FLEEEEING.
  7904 | D:8      | 7904 ||| FLEEEEING.
  7905 | D:8      | 7905 ||| FLEEEEING.
  7906 | D:8      | 7906 ||| FLEEEEING.
  7907 | D:8      | 7907 ||| FLEEEEING.
  7908 | D:8      | 7908 ||| FLEEEEING.
  7909 | D:8      | 7909 ||| FLEEEEING.
  7910 | D:8      | 7910 ||| FLEEEEING.
  7911 | D:8      | 7911 ||| FLEEEEING.
  7912 | D:8      | 7912 ||| FLEEEEING.
  7913 | D:8      | 7913 ||| FLEEEEING.
  7914 | D:8      | 7914 ||| FLEEEEING.
  7915 | D:8      | 7915 ||| FLEEEEING.
  7916 | D:8      | 7916 ||| FLEEEEING.
  7917 | D:8      | 7917 ||| FLEEEEING.
  7918 | D:8      | 7918 ||| FLEEEEING.
  7919 | D:8      | 7919 ||| FLEEEEING.
  7920 | D:8      | 7920 ||| FLEEEEING.
  7921 | D:8      | 7921 ||| FLEEEEING.
  7922 | D:8      | 7922 ||| STAIRDANCE
  8153 | D:8      | 8153 ||| READING scroll of enchant weapon.
  8153 | D:8      | 8153 ||| ENCHANTING +5 war axe.
  8639 | D:8      | 8639 ||| UPGRADING to +6 ring of dexterity.
  8640 | D:8      | 8640 ||| READING scroll labelled SIQAES AFIJO.
  8718 | D:9      | Reached XP level 11. HP: 54/68 MP: 17/17
  8726 | D:9      | Reached skill level 9 in Invocations
  8794 | D:9      | 8794 ||| Stepping ~*~*~tactically~*~*~ (stealth).
  8797 | D:9      | Identified the +10 broad axe of Insomnia {freeze, Fragile
                  | Int+7} (Okawaru gifted it to you on level 9 of the Dungeon)
  8797 | D:9      | Received a gift from Okawaru
  8810 | D:9      | 8810 ||| INVOKING Heroism.
  8920 | D:9      | 8920 ||| INVOKING Heroism.
  9034 | D:9      | 9034 ||| INVOKING Heroism.
  9036 | D:9      | 9036 ||| Stepping ~*~*~tactically~*~*~ (hiding).
  9046 | D:9      | Reached skill level 3 in Throwing
  9203 | D:9      | 9203 ||| Stepping ~*~*~tactically~*~*~ (stealth).
  9215 | D:9      | Received a gift from Okawaru
  9233 | D:9      | 9233 ||| SWAPPING to +3 broad axe of freezing.
  9234 | D:9      | 9234 ||| DROPPING +6 war axe.
  9298 | D:9      | 9298 ||| INVOKING Heroism.
  9306 | D:9      | 9306 ||| Stepping ~*~*~tactically~*~*~ (stealth).
  9307 | D:9      | 9307 ||| Stepping ~*~*~tactically~*~*~ (stealth).
  9315 | D:9      | Noticed Erolcha
  9316 | D:9      | 9316 ||| INVOKING Finesse.
  9317 | D:9      | 9317 ||| INVOKING Finesse.
  9324 | D:9      | Killed Erolcha
  9325 | D:9      | Reached skill level 11 in Axes
  9637 | D:9      | 9637 ||| INVOKING Heroism.
  9842 | D:9      | Found a staircase to the Lair.
 10004 | D:9      | Found a broken altar of Ashenzari.
 10102 | D:9      | Reached skill level 9 in Fighting
 10172 | D:9      | 10172 ||| PLANNING LAIR
 10172 | D:9      | 10172 ||| UPGRADING to +0 pair of gloves.
 10177 | D:9      | 10177 ||| UPGRADING to +0 helmet.
 10182 | D:9      | 10182 ||| DROPPING amulet of guardian spirit.
 10183 | D:9      | 10183 ||| READING 8 scrolls of identify.
 10183 | D:9      | 10183 ||| IDENTIFYING white potion
 10184 | D:9      | 10184 ||| READING 7 scrolls of identify.
 10184 | D:9      | 10184 ||| IDENTIFYING metallic silvery potion
 10185 | D:9      | 10185 ||| DROPPING potion of invisibility.
 10186 | D:9      | 10186 ||| DROPPING potion of berserk rage.
 10240 | Lair:1   | Entered Level 1 of the Lair of Beasts
 10244 | Lair:1   | Received a gift from Okawaru
 10254 | Lair:1   | Reached XP level 12. HP: 60/76 MP: 19/19
 10268 | Lair:1   | 10268 ||| FLEEEEING.
 10269 | Lair:1   | 10269 ||| STAIRDANCE
 10305 | Lair:1   | 10305 ||| DROPPING +2 broad axe of venom.
 10310 | Lair:1   | 10310 ||| INVOKING Heroism.
 10376 | Lair:1   | 10376 ||| Stepping ~*~*~tactically~*~*~ (stealth).
 10377 | Lair:1   | 10377 ||| Stepping ~*~*~tactically~*~*~ (stealth).
 10435 | Lair:1   | 10435 ||| Stepping ~*~*~tactically~*~*~ (stealth).
 10449 | Lair:1   | 10449 ||| INVOKING Heroism.
 10482 | Lair:1   | 10482 ||| INVOKING Heroism.
 10495 | Lair:1   | 10495 ||| Stepping ~*~*~tactically~*~*~ (water).
 10592 | Lair:1   | 10592 ||| FLEEEEING.
 10593 | Lair:1   | 10593 ||| FLEEEEING.
 10594 | Lair:1   | 10594 ||| FLEEEEING.
 10595 | Lair:1   | 10595 ||| FLEEEEING.
 10767 | Lair:1   | 10767 ||| Stepping ~*~*~tactically~*~*~ (stealth).
 10805 | Lair:1   | 10805 ||| Stepping ~*~*~tactically~*~*~ (stealth).
 10825 | Lair:1   | Reached skill level 12 in Axes
 10937 | Lair:1   | 10937 ||| Stepping ~*~*~tactically~*~*~ (stealth).
 10938 | Lair:1   | 10938 ||| Stepping ~*~*~tactically~*~*~ (stealth).
 10942 | Lair:1   | 10942 ||| Stepping ~*~*~tactically~*~*~ (hiding).
 11077 | Lair:1   | 11077 ||| READING scroll of enchant weapon.
 11077 | Lair:1   | 11077 ||| ENCHANTING +3 broad axe of freezing.
 11118 | Lair:1   | 11118 ||| INVOKING Heroism.
 11193 | Lair:1   | 11193 ||| INVOKING Heroism.
 11204 | Lair:1   | Reached skill level 9 in Armour
 11288 | Lair:1   | 11288 ||| INVOKING Heroism.
 11449 | Lair:1   | Noticed Harold
 11450 | Lair:1   | 11450 ||| FLEEEEING.
 11451 | Lair:1   | 11451 ||| FLEEEEING.
 11452 | Lair:1   | 11452 ||| FLEEEEING.
 11453 | Lair:1   | 11453 ||| FLEEEEING.
 11454 | Lair:1   | 11454 ||| FLEEEEING.
 11455 | Lair:1   | 11455 ||| FLEEEEING.
 11456 | Lair:1   | 11456 ||| FLEEEEING.
 11457 | Lair:1   | 11457 ||| FLEEEEING.
 11458 | Lair:1   | 11458 ||| FLEEEEING.
 11459 | Lair:1   | 11459 ||| FLEEEEING.
 11460 | Lair:1   | 11460 ||| FLEEEEING.
 11461 | Lair:1   | 11461 ||| FLEEEEING.
 11462 | Lair:1   | 11462 ||| FLEEEEING.
 11463 | Lair:1   | 11463 ||| FLEEEEING.
 11464 | Lair:1   | 11464 ||| FLEEEEING.
 11465 | Lair:1   | 11465 ||| FLEEEEING.
 11466 | Lair:1   | 11466 ||| FLEEEEING.
 11467 | Lair:1   | 11467 ||| FLEEEEING.
 11468 | Lair:1   | 11468 ||| FLEEEEING.
 11469 | Lair:1   | 11469 ||| FLEEEEING.
 11470 | Lair:1   | 11470 ||| FLEEEEING.
 11471 | Lair:1   | 11471 ||| FLEEEEING.
 11472 | Lair:1   | 11472 ||| FLEEEEING.
 11473 | Lair:1   | 11473 ||| FLEEEEING.
 11474 | Lair:1   | 11474 ||| FLEEEEING.
 11475 | Lair:1   | 11475 ||| FLEEEEING.
 11476 | Lair:1   | 11476 ||| FLEEEEING.
 11477 | Lair:1   | 11477 ||| FLEEEEING.
 11478 | Lair:1   | 11478 ||| FLEEEEING.
 11479 | Lair:1   | 11479 ||| FLEEEEING.
 11480 | Lair:1   | 11480 ||| FLEEEEING.
 11486 | Lair:1   | 11486 ||| FLEEEEING.
 11487 | Lair:1   | 11487 ||| FLEEEEING.
 11488 | Lair:1   | 11488 ||| FLEEEEING.
 11489 | Lair:1   | 11489 ||| FLEEEEING.
 11495 | Lair:1   | 11495 ||| Stepping ~*~*~tactically~*~*~ (hiding).
 11499 | Lair:1   | 11499 ||| INVOKING Heroism.
 11506 | Lair:1   | Killed Harold
 11507 | Lair:1   | Reached skill level 3 in Dodging
 11577 | Lair:1   | 11577 ||| INVOKING Heroism.
 11585 | Lair:1   | Received a gift from Okawaru
 11773 | Lair:1   | 11773 ||| READING scroll labelled XIOSIR VADION ASUNG.
 11809 | Lair:2   | 11809 ||| READING scroll of enchant weapon.
 11809 | Lair:2   | 11809 ||| ENCHANTING +4 broad axe of freezing.
 11848 | Lair:2   | 11848 ||| Stepping ~*~*~tactically~*~*~ (stealth).
 11923 | Lair:2   | 11923 ||| INVOKING Heroism.
 11929 | Lair:2   | Reached skill level 6 in Shields
 11954 | Lair:2   | Noticed a skyshark
 11971 | Lair:2   | Killed a skyshark
 11973 | Lair:2   | Noticed a skyshark
 11975 | Lair:2   | 11975 ||| INVOKING Heroism.
 11986 | Lair:2   | Killed a skyshark
 11986 | Lair:2   | Received a gift from Okawaru
 12300 | Lair:2   | 12300 ||| Stepping ~*~*~tactically~*~*~ (stealth).
 12301 | Lair:2   | 12301 ||| Stepping ~*~*~tactically~*~*~ (stealth).
 12302 | Lair:2   | 12302 ||| INVOKING Heroism.
 12306 | Lair:2   | 12306 ||| Stepping ~*~*~tactically~*~*~ (stealth).
 12312 | Lair:2   | Identified the +5 plate armour "Ferruk" {rC+ Slay+3 Stlth+}
                  | (Okawaru gifted it to you on level 2 of the Lair of Beasts)
 12312 | Lair:2   | Received a gift from Okawaru
 12698 | Lair:2   | 12698 ||| UPGRADING to +5 plate armour "Ferruk" {rC+ Slay+3
                  | Stlth+}.
 12708 | Lair:2   | 12708 ||| DROPPING +0 plate armour.
 12709 | Lair:2   | 12709 ||| READING 2 scrolls labelled VOFIXUSEZITS.
 12710 | Lair:2   | 12710 ||| DROPPING scroll of vulnerability.
 12762 | Lair:3   | 12762 ||| Stepping ~*~*~tactically~*~*~ (stealth).
 12763 | Lair:3   | 12763 ||| Stepping ~*~*~tactically~*~*~ (stealth).
 12764 | Lair:3   | 12764 ||| Stepping ~*~*~tactically~*~*~ (stealth).
 12771 | Lair:3   | 12771 ||| Stepping ~*~*~tactically~*~*~ (stealth).
 12854 | Lair:3   | 12854 ||| Stepping ~*~*~tactically~*~*~ (stealth).
 13010 | Lair:3   | 13010 ||| Stepping ~*~*~tactically~*~*~ (stealth).
 13025 | Lair:3   | Reached XP level 13. HP: 71/82 MP: 20/20
 13026 | Lair:3   | Reached skill level 13 in Axes
 13108 | Lair:3   | Found a staircase to the Snake Pit.
 13125 | Lair:3   | Identified the +1 pair of boots of Inviolability {Dex+3}
 13356 | Lair:3   | 13356 ||| Stepping ~*~*~tactically~*~*~ (hiding).
 13357 | Lair:3   | 13357 ||| INVOKING Heroism.
 13370 | Lair:3   | 13370 ||| Stepping ~*~*~tactically~*~*~ (stealth).
 13372 | Lair:3   | 13372 ||| Stepping ~*~*~tactically~*~*~ (stealth).
 13424 | Lair:3   | Found a staircase to the Swamp.
 13425 | Lair:3   | 13425 ||| INVOKING Heroism.
 13681 | Lair:3   | 13681 ||| FLEEEEING.
 13682 | Lair:3   | 13682 ||| FLEEEEING.
 13683 | Lair:3   | 13683 ||| FLEEEEING.
 13684 | Lair:3   | 13684 ||| FLEEEEING.
 13685 | Lair:3   | 13685 ||| FLEEEEING.
 13854 | Lair:3   | Noticed a fire dragon
 13854 | Lair:3   | 13854 ||| INVOKING Heroism.
 13855 | Lair:3   | 13855 ||| INVOKING Finesse.
 13865 | Lair:3   | Killed a fire dragon
 14098 | Lair:3   | 14098 ||| DROPPING +1 pair of boots of Inviolability
                  | {Dex+3}.
 14159 | Lair:4   | 14159 ||| STAIRDANCE
 14245 | Lair:4   | 14245 ||| INVOKING Heroism.
 14260 | Lair:4   | 14260 ||| Stepping ~*~*~tactically~*~*~ (hiding).
 14295 | Lair:4   | Received a gift from Okawaru
 14418 | Lair:4   | Reached skill level 14 in Axes
 14523 | Lair:4   | 14523 ||| INVOKING Heroism.
 14537 | Lair:4   | 14537 ||| FLEEEEING.
 14538 | Lair:4   | 14538 ||| FLEEEEING.
 14539 | Lair:4   | 14539 ||| FLEEEEING.
 14541 | Lair:4   | 14541 ||| STAIRDANCE
 14665 | Lair:4   | 14665 ||| INVOKING Heroism.
 14682 | Lair:4   | 14682 ||| Stepping ~*~*~tactically~*~*~ (stealth).
 14857 | Lair:4   | Found a runed translucent door.
 14857 | Lair:4   | Found a viscous altar of Jiyva.
 14858 | Lair:4   | Found a staircase to the Slime Pits.
 14858 | Lair:4   | Noticed an acid blob
 14858 | Lair:4   | Noticed an acid blob
 14879 | Lair:4   | 14879 ||| Stepping ~*~*~tactically~*~*~ (stealth).
 14950 | Lair:4   | Received a gift from Okawaru
 15128 | Lair:4   | 15128 ||| Stepping ~*~*~tactically~*~*~ (stealth).
 15133 | Lair:4   | 15133 ||| Stepping ~*~*~tactically~*~*~ (stealth).
 15134 | Lair:4   | 15134 ||| Stepping ~*~*~tactically~*~*~ (stealth).
 15136 | Lair:4   | 15136 ||| Stepping ~*~*~tactically~*~*~ (stealth).
 15225 | Lair:5   | Entered Level 5 of the Lair of Beasts
 15283 | Lair:5   | 15283 ||| INVOKING Heroism.
 15340 | Lair:5   | 15340 ||| FLEEEEING.
 15341 | Lair:5   | 15341 ||| FLEEEEING.
 15342 | Lair:5   | 15342 ||| FLEEEEING.
 15343 | Lair:5   | 15343 ||| FLEEEEING.
 15344 | Lair:5   | 15344 ||| FLEEEEING.
 15345 | Lair:5   | 15345 ||| INVOKING Heroism.
 15349 | Lair:5   | Gained mutation: Your large and strong wings let you fly.
                  | [Gargoyle growth]
 15349 | Lair:5   | Reached XP level 14. HP: 81/90 MP: 18/21
 15366 | Lair:5   | 15366 ||| Stepping ~*~*~tactically~*~*~ (stealth).
 15367 | Lair:5   | 15367 ||| Stepping ~*~*~tactically~*~*~ (stealth).
 15368 | Lair:5   | 15368 ||| Stepping ~*~*~tactically~*~*~ (stealth).
 15386 | Lair:5   | Identified the +1 cloak "Vyfoily" {rElec rN+} (Okawaru
                  | gifted it to you on level 5 of the Lair of Beasts)
 15386 | Lair:5   | Received a gift from Okawaru
 15433 | Lair:5   | Reached skill level 15 in Axes
 15434 | Lair:5   | 15434 ||| Stepping ~*~*~tactically~*~*~ (stealth).
 15438 | Lair:5   | 15438 ||| Stepping ~*~*~tactically~*~*~ (stealth).
 15439 | Lair:5   | 15439 ||| Stepping ~*~*~tactically~*~*~ (stealth).
 15906 | Lair:5   | 15906 ||| INVOKING Heroism.
 15988 | Lair:5   | 15988 ||| INVOKING Heroism.
 15989 | Lair:5   | 15989 ||| INVOKING Finesse.
 15994 | Lair:5   | 15994 ||| SWAPPING to +0 flail.
 16000 | Lair:5   | 16000 ||| SWAPPING to +5 broad axe of freezing.
 16076 | Lair:5   | 16076 ||| Stepping ~*~*~tactically~*~*~ (hiding).
 16439 | Lair:5   | 16439 ||| PLANNING D:1-11
 16439 | Lair:5   | 16439 ||| UPGRADING to +1 cloak "Vyfoily" {rElec rN+}.
 16444 | Lair:5   | 16444 ||| READING 13 scrolls of identify.
 16444 | Lair:5   | 16444 ||| IDENTIFYING black potion
 16598 | D:10     | Entered Level 10 of the Dungeon
 16708 | D:10     | 16708 ||| Stepping ~*~*~tactically~*~*~ (hiding).
 16730 | D:10     | Found a staircase to the Orcish Mines.
 16981 | D:10     | 16981 ||| Stepping ~*~*~tactically~*~*~ (stealth).
 17010 | D:10     | 17010 ||| Stepping ~*~*~tactically~*~*~ (hiding).
 17304 | D:10     | 17304 ||| UPGRADING to ring of positive energy.
 17322 | D:11     | Noticed Psyche
 17326 | D:11     | 17326 ||| INVOKING Heroism.
 17327 | D:11     | 17327 ||| DRINKING potion of cancellation.
 17334 | D:11     | HP: 15/90 [yaktaur (14)]
 17335 | D:11     | 17335 ||| READING 5 scrolls of teleportation.
 17335 | D:11     | HP: 4/90 [yaktaur (12)]
 17335 | D:11     | Slain by Psyche

Levels and vault maps discovered:
D:1:      dpeg_arrival_concentric_ovals, layout_basic, st_stairs_7,
          minmay_misc_feat_iff
D:2:      layout_rooms, serial_bayou_pond_a, nrook_mini_backslash,
          hangedman_glass_teeth
D:3:      kennysheep_six_static_rooms, layout_basic, uniq_jessica
D:4:      layout_basic, lemuel_coloured_pillars_altar, lemuel_tele_altar,
          minmay_temple_entry_large_hall, uniq_pikel, uniq_duvessa
D:5:      cheibrodos_barr_body, layout_basic, mainiacjoe_overflow_alcove_4,
          enter_ossuary_4, grunt_decor_mini_mirrors, uniq_ijyb,
          uniq_prince_ribbit1, uniq_menkaure
D:6:      nicolae_BIG_FREAKIN_CUBE, layout_cave_pods
D:7:      layout_loops_corners, mainiacjoe_overflow_catwalk, minmay_ruffians
D:8:      gammafunk_cloud_chamber, layout_loops_corners,
          mainiacjoe_overflow_alcove_2, serial_park_tiny_2
D:9:      layout_roguey, ashenzari_altar_1, erik_lair_dragon, uniq_erolcha
D:10:     layout_loops_ring, david_orc_2, minivault_26, david_defended_altar_orc
D:11:     layout_gridville, minmay_mirror_moons_of_madness, uniq_erica,
          uniq_psyche
Temple:   nicolae_temple_superstar
Lair:1:   lemuel_reptile_caves, layout_long_grid, uniq_harold
Lair:2:   layout_chaotic_city, chequers_serial_rivers_marsh, grunt_megastairs_3
Lair:3:   dragon1_lemuel, layout_small_grid,
          nicolae_swamp_entry_splash_gauntlet, dummy_snake_entry
Lair:4:   layout_regular_city, slime_entry_2, lemuel_fruit_tree,
          grunt_megastairs_5
Lair:5:   minmay_lair_end_frog_pond, layout_cave_shapes, serial_bayou_pond_c

Skill      XL: |  1  2  3  4  5  6  7  8  9 10 11 12 13 14 |
---------------+-------------------------------------------+-----
Axes           | 2 3 4 5 6 8 9 10 11 12 14 15 | 15.0
Fighting       | 4 5 7 8 9 10 11 | 11.9
Invocations    | 4 5 8 10 | 10.0
Dodging        | 1 2 3 4 |  4.0
Armour         | 4 6 8 9 10 11 | 11.0
Throwing       | 1 2 3 4 |  4.4
Shields        | 4 5 6 7 |  7.0

Action                     |  1- 3 |  4- 6 |  7- 9 | 10-12 | 13-15 || total
---------------------------+-------+-------+-------+-------+-------++-------
  Melee: War axe           |    94 |   101 |   236 |   274 |       ||   705
         Broad axe         |       |       |       |   307 |   424 ||   731
         Flail             |       |       |       |       |     5 ||     5
         Unarmed           |       |       |       |       |     4 ||     4
  Throw: Boomerang         |       |     9 |    49 |    36 |       ||    94
         Javelin           |       |       |       |    57 |     8 ||    65
 Invoke: Heroism           |       |       |    11 |    18 |    11 ||    40
         Finesse           |       |       |       |     1 |     2 ||     3
    Use: Scroll            |     8 |     2 |     8 |    11 |     2 ||    31
         Potion            |     3 |     2 |     2 |     1 |     1 ||     9
 Armour: Scale mail        |    29 |       |       |       |       ||    29
         Plate armour      |    26 |    89 |   115 |   344 |   231 ||   805
  Dodge: Dodged            |    41 |    22 |    59 |   176 |   138 ||   436
  Block: Buckler           |    15 |    22 |    38 |   123 |    89 ||   287

Table legend:
 A = Non-vault XP
 B = Vault XP
 C = Vault XP percentage of total XP
 D = Non-vault monster count
 E = Vault monster count
 F = Vault count percentage of total count
                 A         B        C        D         E       F
            +---------+---------+-------+---------+---------+-------
      Total |   44235 |   24791 |  35.9 |     334 |     137 |  29.1
            +---------+---------+-------+---------+---------+-------
        D:1 |      29 |       2 |   6.5 |      19 |       1 |   5.0
        D:2 |      40 |       0 |   0.0 |       9 |       0 |   0.0
        D:3 |      95 |      46 |  32.6 |      16 |       7 |  30.4
        D:4 |     330 |     828 |  71.5 |      15 |       3 |  16.7
        D:5 |     778 |    1043 |  57.3 |      19 |      19 |  50.0
        D:6 |    1884 |       0 |   0.0 |      26 |       0 |   0.0
        D:7 |    1727 |    1167 |  40.3 |      40 |       6 |  13.0
        D:8 |    1072 |       0 |   0.0 |      10 |       0 |   0.0
        D:9 |    5785 |    2336 |  28.8 |      44 |       7 |  13.7
       D:10 |    1771 |     255 |  12.6 |      24 |       7 |  22.6
       D:11 |     728 |       0 |   0.0 |       2 |       0 |   0.0
     Lair:1 |    5046 |    2839 |  36.0 |      22 |      34 |  60.7
     Lair:2 |    4419 |     953 |  17.7 |      19 |       2 |   9.5
     Lair:3 |    4896 |    4147 |  45.9 |      20 |       9 |  31.0
     Lair:4 |    9052 |    1922 |  17.5 |      27 |       4 |  12.9
     Lair:5 |    6583 |    9253 |  58.4 |      22 |      38 |  63.3
            +---------+---------+-------+---------+---------+-------
